 Dungeon Crawl Stone Soup version 0.30-a0-304-gdc4b735fe1 (webtiles) character file.

Game seed: 13034811159318767817

19415 holysushi the Cleaver (level 13, -1/110 HPs)
             Began as a Meteoran Earth Elementalist on Oct 20, 2022.
             Was an Elder of the Shining One.
             Succumbed to a naga's splash of poison
             ... on level 2 of the Lair of Beasts.
             The game lasted 00:49:17 (5762 turns).

holysushi the Cleaver (Meteoran Earth Elementalist) Turns: 5762, Time: 00:49:18

Health: -1/110     AC: 16    Str: 25    XL:     13   Next: 32%
Magic:  7/28       EV: 16    Int: 18    God:    the Shining One [****..]
Gold:   1089       SH:  8    Dex: 16    Spells: 18/32 levels left

rFire   + . .      SeeInvis .    D - +3 war axe (venom)
rCold   + + .      Faith    .    F - +3 buckler
rNeg    + + +      Spirit   .    i - +1 ring mail {rF+}
rPois   .          Reflect  .    (no helmet)
rElec   .          Harm     .    f - +2 cloak
rCorr   .          Rampage  .    z - +2 pair of gloves "Kameutta" {rN+}
Will    +....                    w - +3 pair of mountain boots {steadfast, rC+}
Stlth   +.........               (no amulet)
HPRegen 0.38/turn                y - +6 ring of strength
MPRegen 0.21/turn                A - +6 ring of strength

@: mighty, lethally poisoned (-1 -> -9), on berserk cooldown, slowed, glowing,
studying Axes, very slow
A: sense surroundings 2, otherworldly, glowing, explore regen, cold resistance 1
a: Renounce Religion, Divine Shield, Cleansing Flame


You were on level 2 of the Lair of Beasts.
You worshipped the Shining One.
The Shining One was greatly pleased with you.
You visited 4 branches of the dungeon, and saw 15 of its levels.

You collected 1858 gold pieces.
You spent 769 gold pieces at shops.

Inventory:

Hand Weapons
 d - a +0 dagger of venom
 e - a +1 hand axe
 o - a +4 dagger
 D - a +3 war axe of venom (weapon)
Missiles
 k - 4 javelins
 n - 3 throwing nets
Armour
 f - a +2 cloak (worn)
 i - a +1 ring mail of fire resistance (worn)
 s - a +0 robe of positive energy
 w - the +3 pair of mountain boots (worn) {steadfast, rC+}
   (You bought it in a shop on level 8 of the Dungeon)

   It prevents involuntary movement, except for blinking, teleportation, or
   banishment.
   rC:        It protects you from cold.
 z - the +2 pair of gloves "Kameutta" (worn) {rN+}
   (You bought it in a shop on level 8 of the Dungeon)

   rN:        It protects you from negative energy.
 F - a +3 buckler (worn)
Jewellery
 y - a +6 ring of strength (left hand)
 A - a +6 ring of strength (right hand)
 G - a ring of see invisible
Wands
 r - a wand of roots (14)
 v - a wand of flame (25)
 B - a wand of polymorph (6)
 H - a wand of mindburst (10)
Scrolls
 c - 2 scrolls of butterflies {unknown}
 g - 3 scrolls of magic mapping
 l - 2 scrolls of vulnerability
 p - 6 scrolls of teleportation
 q - a scroll of immolation
 t - a scroll of fear {unknown}
 I - a scroll of blinking
 J - 2 scrolls of poison
 L - a scroll of silence
Potions
 b - a potion of magic
 h - a potion of flight
 j - 3 potions of brilliance
 m - 7 potions of curing
 u - 3 potions of mutation
 x - 3 potions of heal wounds
 C - a potion of attraction
 K - a potion of cancellation {unknown}


   Skills:
 + Level 8.9 Fighting
 + Level 13.3 Axes
 - Level 2.0 Armour
 + Level 11.4 Dodging
 - Level 1.4 Stealth
 - Level 3.0 Shields
 - Level 10.0 Spellcasting
 + Level 9.7 Conjurations
 - Level 1.2 Transmutations
 + Level 10.8 Earth Magic


You had 18 spell levels left.
You knew the following spells:

 Your Spells              Type           Power      Damage    Failure   Level
a - Sandblast             Erth           94%        2d19      1%          1
b - Passwall              Tmut/Erth      25%        N/A       1%          2
c - Stone Arrow           Conj/Erth      92%        3d12      1%          3
d - Blink                 Tloc           18%        N/A       24%         2
e - Iron Shot             Conj/Erth      23%        9d5       34%         6

Your spell library contained the following spells:

 Spells                   Type           Power      Damage    Failure   Level
 Momentum Strike          Conj/Tloc      52%        3d9       3%          2
 Dazzling Flash           Conj/Hex       52%        N/A       6%          3
 Petrify                  Tmut/Erth      30%        N/A       13%         4
 Animate Armour           Summ/Erth      56%        N/A       17%         4
 Flame Wave               Conj/Fire      26%        2d8       22%         4
 Iskenderun's Mystic Bla  Conj/Tloc      26%        2d7       22%         4
 Sticky Flame             Conj/Fire      26%        2d5       22%         4
 Inner Flame              Hex/Fire       9%         N/A       43%         3
 Lesser Beckoning         Tloc           18%        N/A       43%         3
 Portal Projectile        Hex/Tloc       18%        N/A       43%         3
 Tukima's Dance           Hex            9%         N/A       43%         3
 Passage of Golubria      Tloc           9%         N/A       83%         4
 Blade Hands              Tmut           6%         N/A       95%         5
 Starburst                Conj/Fire      13%        6d5       97%         6
 Yara's Violent Unravell  Hex/Tmut       5%         3d4       98%         5


Dungeon Overview and Level Annotations

Branches:
Dungeon (10/15) Zot: 1149  Temple (1/1) D:7 Zot: 598    Lair (3/5) D:9 Zot: 779
 Shoals (0/4) Lair:2        Snake (1/4) Lair:2 Zot: 577
    Orc: D:9-12

Altars:
Dithmenos
Gozag
Makhleb
Okawaru
Qazlal
Sif Muna
Trog
Wu Jian
The Shining One

Shops:
D:4 (   D:8 :[

Annotations:
D:8 1 runed translucent door, gabagool's ghost, novice FoFi


Innate Abilities, Weirdness & Mutations

You passively map the area around you.
You are easily found by Zot.
You glow in the dark.
You regain HP and MP as you explore.
Your flesh is cold resistant. (rC+)


Message History

The naga mage looks as sick as possible!
The naga mage is severely wounded.
You slash the salamander!
The salamander looks as sick as possible!
The naga mage gestures at you while chanting.
The bolt of poison hits you!!
You are poisoned.
* * * LOW HITPOINT WARNING * * *
The salamander hits you with a +0 spear.
* * * LOW HITPOINT WARNING * * *
You are engulfed in flames.
You resist.
* * * LOW HITPOINT WARNING * * *
The naga hits you from afar with a +0 glaive!
* * * LOW HITPOINT WARNING * * *
You slash the naga mage!
You kill the naga mage!
You slash the salamander!
You feel very sick.
The salamander no longer looks unusually strong.
The salamander shoots an arrow.
The arrow closely misses you.
You hit the salamander.
The salamander looks as sick as possible!
The salamander is almost dead.
You feel sick. You block the salamander's attack. The naga barely misses you.
You slash the salamander!
You kill the salamander!
You feel sick.
The salamander shoots an arrow.
The arrow barely misses you.
You are no longer berserk.
You are exhausted.
You feel yourself slow down.
You feel sick. The naga spits poison at you. The splash of poison hits you.
You are lethally poisoned!
* * * LOW HITPOINT WARNING * * *
There is a staircase back to the Lair, spattered with blood here.
* * * LOW HITPOINT WARNING * * *
You feel very sick.
The salamander shoots an arrow.
The arrow barely misses you.
You climb upwards.
Welcome back to the Lair of Beasts!
You die...

.#.####..P.# #P..# ##......
#### ##..## #..## #...... #
#P.#####.### ##......
##...#.....# ######.......
#........####P...........
###...##..#...........†..
#####.....†#...........
#####.....#######......
#####.....@..## #.P....
#P##.........#### #......
###...............#########.#
#P......##...P.P....##.# #..#
#...###.##..P####....P.####.#
##.#.######.## ##.P....###.#
#.### #.. * ##.....#P#.# #.#
* P... #####...#.. ### #.# *
....## ## #.#.#.#


There were no monsters in sight!

Vanquished Creatures
  An anaconda (Snake:1)
  3 death yaks
  A naga warrior (Snake:1)
  Pikel (D:4)
  2 salamanders (Snake:1)
  A naga mage (Snake:1)
  9 black mambas
  A guardian serpent (Snake:1)
  5 cane toads
  An unseen horror (D:10)
  2 hornets
  2 blink frogs (Lair:3)
  Sigmund (D:3)
  2 shadows (D:9)
  20 yaks
  2 wyverns
  A basilisk (Lair:1)
  A steam dragon (D:9)
  An acid dragon (D:8)
  A naga (Snake:1)
  9 water moccasins
  An orc warrior (D:9)
  2 ice beasts
  3 black bears
  A sky beast (D:7)
  5 centaurs
  6 wolves
  3 phantoms
  A kobold brigand (D:8)
  9 bullfrogs
  3 necrophages (D:7)
  3 scorpions
  A gnoll sergeant (D:9)
  3 wights (D:7)
  2 jellies
  7 killer bees
  2 howler monkeys (D:7)
  6 hounds
  4 orc priests
  2 orc wizards
  5 iguanas
  Natasha (D:2)
  Terence (D:2)
  7 hell rats
  5 adders
  3 gnolls (D:9)
  A river rat (D:9)
  2 white imps (D:5)
  An ufetubus (D:3)
  6 worms
  3 dart slugs
  13 orcs
  2 ball pythons
  3 endoplasms (D:1)
  7 giant cockroaches
  11 goblins
  2 hobgoblins
  8 jackals
  6 quokkas
  3 bats
  4 frilled lizards
  11 kobolds
  9 rats
245 creatures vanquished.

Vanquished Creatures (others)
  6 fungi
  7 plants
13 creatures vanquished.

Grand Total: 258 creatures vanquished

Notes
Turn   | Place    | Note
-------+----------+-------------------------------------------
     0 | D:1      | holysushi the Meteoran Earth Elementalist began the quest
                  | for the Orb.
     0 | D:1      | Reached XP level 1. HP: 14/14 MP: 5/5
    91 | D:1      | Reached XP level 2. HP: 22/22 MP: 3/6
    96 | D:1      | Learned a level 2 spell: Passwall
   151 | D:1      | Reached XP level 3. HP: 27/27 MP: 5/8
   169 | D:1      | Learned a level 3 spell: Stone Arrow
   202 | D:1      | Reached skill level 1 in Fighting
   275 | D:1      | Found a faded altar of an unknown god.
   381 | D:2      | Noticed Terence
   401 | D:2      | Killed Terence
   402 | D:2      | Reached XP level 4. HP: 18/35 MP: 0/9
   416 | D:2      | Found a glowing golden altar of the Shining One.
   426 | D:2      | Became a worshipper of the Shining One
   428 | D:2      | Noticed Natasha
   435 | D:2      | Killed Natasha
   436 | D:2      | Reached skill level 1 in Armour
   436 | D:2      | Reached skill level 1 in Conjurations
   436 | D:2      | Reached XP level 5. HP: 39/40 MP: 5/11
   543 | D:2      | Learned a level 2 spell: Blink
   736 | D:3      | Reached skill level 5 in Earth Magic
   820 | D:3      | Reached XP level 6. HP: 41/48 MP: 3/12
   840 | D:3      | Noticed Sigmund
   862 | D:3      | Killed Sigmund
   863 | D:3      | Reached XP level 7. HP: 38/56 MP: 4/14
  1014 | D:4      | Found Xiunifeept's Antique Weapon Shop.
  1112 | D:4      | Noticed Pikel
  1130 | D:4      | Killed Pikel
  1131 | D:4      | Reached skill level 5 in Spellcasting
  1131 | D:4      | Reached XP level 8. HP: 22/63 MP: 1/17
  1332 | D:5      | Entered Level 5 of the Dungeon
  1494 | D:5      | Reached * piety under the Shining One
  1540 | D:5      | Noticed a yak
  1541 | D:5      | Noticed a yak
  1541 | D:5      | Noticed a yak
  1850 | D:5      | Gained mutation: You passively map the area around you.
                  | [Meteoran growth]
  1850 | D:5      | Reached XP level 9. HP: 69/69 MP: 14/19
  1929 | D:5      | Reached skill level 5 in Dodging
  1974 | D:6      | Found a stormy altar of Qazlal.
  1977 | D:6      | Found an opulent altar of Gozag.
  1977 | D:6      | Found an ornate altar of the Wu Jian Council.
  1980 | D:6      | Found a bloodstained altar of Trog.
  2025 | D:6      | Found a shimmering blue altar of Sif Muna.
  2189 | D:5      | Reached skill level 1 in Shields
  2443 | D:7      | Reached skill level 10 in Earth Magic
  2456 | D:7      | Reached skill level 1 in Axes
  2457 | D:7      | Reached ** piety under the Shining One
  2464 | D:7      | Reached skill level 2 in Axes
  2464 | D:7      | Reached XP level 10. HP: 77/77 MP: 2/22
  2497 | D:7      | Reached skill level 3 in Axes
  2606 | D:7      | Learned a level 6 spell: Iron Shot
  2626 | D:7      | Reached skill level 4 in Axes
  2733 | D:7      | Reached skill level 5 in Axes
  2766 | D:7      | Found a staircase to the Ecumenical Temple.
  2772 | Temple   | Entered the Ecumenical Temple
  2996 | D:8      | Found a runed translucent door.
  2998 | D:8      | Noticed gabagool's ghost (novice FoFi)
  3192 | D:8      | Reached skill level 6 in Axes
  3198 | D:8      | Reached skill level 5 in Fighting
  3252 | D:8      | Found Dolud's Book Emporium.
  3286 | D:8      | Found Nuked's Armour Shoppe.
  3509 | D:9      | Reached skill level 5 in Conjurations
  3670 | D:8      | Reached skill level 7 in Axes
  3706 | D:9      | Noticed a death yak
  3710 | D:9      | Noticed a death yak
  3730 | D:9      | Killed a death yak
  3731 | D:9      | Reached XP level 11. HP: 89/89 MP: 10/24
  3734 | D:9      | Noticed a death yak
  3761 | D:8      | Gained mutation: Your flesh is cold resistant. (rC+)
                  | [potion of mutation]
  3774 | D:8      | Killed a death yak
  3775 | D:8      | Reached skill level 8 in Axes
  3791 | D:8      | Killed a death yak
  3807 | D:9      | Found a staircase to the Lair.
  3894 | D:8      | Bought the +3 pair of mountain boots {steadfast, rC+} for
                  | 435 gold pieces
  3894 | D:8      | Found the +3 pair of mountain boots {steadfast, rC+}
  3994 | D:10     | Entered Level 10 of the Dungeon
  3994 | D:10     | Reached *** piety under the Shining One
  4011 | D:9      | Reached skill level 9 in Axes
  4020 | D:9      | Identified a scroll of acquirement
  4020 | D:9      | Acquired 1088 gold pieces
  4071 | D:8      | Bought the +2 pair of gloves "Kameutta" {rN+} for 334 gold
                  | pieces
  4413 | Lair:1   | Entered Level 1 of the Lair of Beasts
  4509 | D:10     | Found a glowing golden altar of the Shining One.
  4613 | D:10     | Reached skill level 10 in Axes
  4628 | D:10     | Reached XP level 12. HP: 62/100 MP: 26/26
  4800 | Lair:1   | Reached skill level 10 in Dodging
  4981 | Lair:1   | Reached skill level 11 in Axes
  4994 | Lair:1   | Reached skill level 10 in Spellcasting
  5407 | Lair:3   | Reached skill level 12 in Axes
  5502 | Lair:2   | Found a staircase to the Snake Pit.
  5576 | Lair:2   | Reached XP level 13. HP: 108/108 MP: 28/28
  5591 | Lair:2   | Found a staircase to the Shoals.
  5734 | Snake:1  | Entered Level 1 of the Snake Pit
  5734 | Snake:1  | Reached **** piety under the Shining One
  5740 | Snake:1  | Noticed a naga warrior
  5741 | Snake:1  | Reached skill level 13 in Axes
  5743 | Snake:1  | Noticed an anaconda
  5750 | Snake:1  | Killed a naga warrior
  5752 | Snake:1  | Killed an anaconda
  5761 | Snake:1  | HP: 2/110 [poisoned by a naga (splash of poison)]
  5762 | Lair:2   | Succumbed to a naga's splash of poison

Illustrated notes

Levels and vault maps discovered:
D:1:      sevenhm_arrival_forest_fort_small_3, layout_loops_cross,
          hellmonk_ecumenical_altar_leap_of_faith, minmay_distorted
D:2:      layout_loops_ring, basic_altar, nicolae_wormholes, uniq_terence,
          uniq_natasha
D:3:      layout_loops_ring, corexii_corridor_pit, hangedman_decor_points,
          uniq_sigmund
D:4:      layout_loops_ring, serial_shops, nicolae_stop_n_shop_2,
          chequers_garden, chequers_decorated_corner, uniq_pikel
D:5:      layout_gridville
D:6:      layout_basic, grunt_temple_overflow_open,
          mainiacjoe_overflow_small_starburst, chequers_serial_rivers_large_b
D:7:      layout_cave_pods, minmay_temple_entry_fiery, grunt_ministairs_2,
          hangedman_minor_gate_pass
D:8:      layout_basic, ebering_ghost_reflecting_pool, serial_shops, shop, shop,
          corner_web_ring, hangedman_abyss_or_decor_lesser_grid
D:9:      layout_basic, dpeg_lair_monsters, st_stairs_9
D:10:     layout_loops_ring, lemuel_crystal_altar, nicolae_fountain_basement
Temple:   kb_temple_of_zot
Lair:1:   layout_layer_cave, minivault_25, grunt_megastairs_2
Lair:2:   layout_cave_pods, shoals_dummy_entry, minmay_snake_entry_six_corridors
Lair:3:   layout_roguey, uniq_sonja
Snake:1:  onia_ninara_swampy_vault, layout_grid_shapes, serial_shops,
          bzr_entry_road, serial_bayou_shore_b

Skill      XL: |  1  2  3  4  5  6  7  8  9 10 11 12 13 |
---------------+----------------------------------------+-----
Earth Magic    | 4 5 7 8 10 | 10.8
Spellcasting   | 3 4 5 6 7 8 9 10 | 10.0
Fighting       | 1 2 3 5 7 8 |  8.9
Dodging        | 3 4 6 8 9 11 | 11.4
Armour         | 1 2 |  2.0
Conjurations   | 1 2 3 5 7 9 |  9.7
Shields        | 2 3 |  3.0
Axes           | 2 7 10 12 13 | 13.3
Stealth        | |  1.4
Transmutations | |  1.2

Action                   |  1- 3 |  4- 6 |  7- 9 | 10-12 | 13-15 || total
-------------------------+-------+-------+-------+-------+-------++-------
Melee: Dagger            |    19 |    13 |       |       |       ||    32
       Unarmed           |     2 |       |       |       |       ||     2
       Punch             |       |     1 |     1 |       |       ||     2
       Hand axe          |       |       |    22 |       |       ||    22
       War axe           |       |       |       |   163 |    25 ||   188
 Cast: Sandblast         |    44 |    55 |    75 |    61 |     2 ||   237
       Stone Arrow       |       |       |    25 |    82 |    14 ||   121
       Passwall          |       |       |     7 |    42 |     2 ||    51
  Use: Scroll            |       |     6 |     6 |     7 |       ||    19
       Potion            |       |       |       |    12 |     2 ||    14
Armor: Robe              |    11 |       |       |       |       ||    11
       Ring mail         |    18 |    21 |    40 |   108 |    11 ||   198
Dodge: Dodged            |    35 |    22 |    41 |   171 |    16 ||   285
Block: Buckler           |       |       |     1 |   129 |    12 ||   142

Table legend: (Time is in decaauts)
 A = Elapsed time spent in this place.
 B = Non-inter-level travel time spent in this place.
 C = Inter-level travel time spent in this place.
 D = Time resting spent in this place.
 E = Time spent auto-exploring this place.
 F = Levels seen in this place.
 G = Mean time per level.
                   A        B        C        D        E       F      G
               +--------+--------+--------+--------+--------+-----+--------+
         Total |   5894 |   5517 |    377 |     73 |      0 |  15 |  392.9 |
       Dungeon |   4850 |   4507 |    343 |     73 |      0 |  10 |  485.0 |
        Temple |      1 |      1 |      0 |      0 |      0 |   1 |    1.0 |
          Lair |   1020 |    986 |     34 |      0 |      0 |   3 |  340.0 |
     Snake Pit |     22 |     22 |      0 |      0 |      0 |   1 |   22.0 |
               +--------+--------+--------+--------+--------+-----+--------+

Top non-repeatable levels by time:
     D:8: 800 daAuts
     D:9: 693 daAuts
     D:7: 663 daAuts
     D:5: 632 daAuts
  Lair:1: 503 daAuts
  Lair:2: 478 daAuts
     D:6: 393 daAuts
     D:1: 388 daAuts
     D:4: 383 daAuts
     D:2: 355 daAuts
     D:3: 296 daAuts
    D:10: 242 daAuts
  Lair:3: 38 daAuts
 Snake:1: 22 daAuts
  Temple: 1 daAuts
